 Dungeon Crawl Stone Soup version 0.27-a0-1384-g1422d76b99 (webtiles) character file.

Game seed: 4693329009609923464

290 Brandom the Ruffian (level 6, -9/62 HPs)
             Began as a Troll Delver on June 30, 2021.
             Was an Initiate of Cheibriados.
             Killed by divine providence
             ... invoked by an orc priest
              (13 damage)
             ... on level 4 of the Dungeon.
             The game lasted 00:09:07 (2450 turns).

Brandom the Ruffian (Troll Delver)                  Turns: 2450, Time: 00:09:07

Health: -9/62      AC:  4    Str: 22    XL:     6   Next: 9%
Magic:  5/5        EV: 10    Int:  7    God:    Cheibriados [......]
Gold:   131        SH:  0    Dex: 14    Spells: 5/5 levels left

rFire    . . .     SeeInvis .     - Unarmed
rCold    . . .     Faith    .   (no shield)
rNeg     . . .     Spirit   .   a - +0 robe
rPois    .         Reflect  .   (helmet restricted)
rElec    .         Harm     .   (no cloak)
rCorr    .         Rampage  .   (gloves unavailable)
Will     .....                  (boots unavailable)
Stlth    ++........             (no amulet)
HPRegen  1.20/turn              (no ring)
MPRegen  0.09/turn              (no ring)

@: very slow
A: large, unfitting armour, claws 3, regeneration 1, shaggy fur 1, tough skin 1
a: Renounce Religion, Bend Time


You were on level 4 of the Dungeon.
You worshipped Cheibriados.
Cheibriados was noncommittal.
You visited 1 branch of the dungeon, and saw 5 of its levels.

You collected 131 gold pieces.

Inventory:

Missiles
 r - 6 javelins (quivered)
 s - 4 silver boomerangs
Armour
 a - a +0 robe (worn)
Wands
 v - a wand of digging (3)
Scrolls
 b - 3 scrolls of fog
 c - a scroll of magic mapping
 g - a scroll of teleportation {unknown}
 m - a scroll of enchant armour {unknown}
 p - a scroll of blinking {unknown}
 t - a scroll of summoning {unknown}
Potions
 e - 3 potions of haste {@q3}
 f - a potion of ambrosia {unknown}
 h - a potion of mutation {unknown}
 i - a potion of resistance {unknown}
 j - 2 potions of degeneration {unknown}
 k - 4 potions of curing {@q1}
 l - a potion of heal wounds {unknown}
 n - a potion of flight {unknown}
 o - a potion of invisibility {unknown}
 q - a potion of brilliance


   Skills:
 * Level 4.0 Fighting
 + Level 2.7 Dodging
 - Level 2.7 Stealth
 * Level 4.3 Unarmed Combat


You had 5 spell levels left.
You didn't know any spells.
Your spell library was empty.

Dungeon Overview and Level Annotations

Branches:
Dungeon (5/15)
 Temple: D:4-7

Altars:
Cheibriados
Dithmenos
Makhleb
Zin

Shops:
D:3 [


Innate Abilities, Weirdness & Mutations

You are too large for most types of armour.
You have claws for hands.
Your natural rate of healing is unusually fast.
You are covered in fur. (AC +1)
You have tough skin. (AC +1)


Message History

Things that are here:
a +0 club; a goblin skeleton
Found 29 sling bullets.
A quokka comes into view.
The quokka closely misses you.
You claw the quokka!
You kill the quokka!
Cheibriados thoroughly appreciates the change of pace.
No target in view!
No target in view!
No target in view!
You see here a quokka corpse.
An orc priest comes into view. It is wielding a +0 whip.
An ogre comes into view. It is wielding a +0 giant club.
Found a stone staircase leading up.
The ogre shouts!
Unknown command.
Throw: 8 javelins
Aim: an ogre, wielding a +0 giant club (75% to hit)
You throw a javelin. The javelin closely misses the ogre.
The orc priest shouts!
You hear a shout!
An orc comes into view. It is wielding a +0 club.
Throw: 7 javelins
Aim: an orc, wielding a +0 club and wearing a +0 leather armour (wandering, hasn't noticed you, 60% to hit)
You throw a javelin. The orc shouts!
The javelin pierces through the ogre.
The javelin pierces through the orc priest but does no damage.
The javelin closely misses the orc.
You hear a shout!
The orc priest miscasts a cantrip.
An orc priest comes into view. It is wielding a +0 dagger.
You scratch the ogre.
The ogre hits you with a +0 giant club!!
You barely miss the ogre.
The ogre hits you with a +0 giant club!!
* * * LOW HITPOINT WARNING * * *
The orc priest looks encouraged for a moment.
You closely miss the ogre.
An orc comes into view. It is wielding a +0 falchion.
The ogre hits you with a +0 giant club!
* * * LOW HITPOINT WARNING * * *
Okay, then.
As you read the scroll of fear, it crumbles to dust.
You assume a fearsome visage.
The orc looks frightened! x2
The ogre looks frightened!
The orc priest calls down the wrath of Beogh upon you.
Beogh smites you!
You die...

. <. ##### ..(
######..O##(.o.
#.........oo. .#
#.##.#..o.#. ...#
#.##.##.#.# #...#
#.##..@.#
#...#######.##..###
#......(..#†##......#
#...#####.#.##...#.....
..........#.##.#.. #...
.....(......##..... ..
..........#######.##
#..>#####.# ..
#.........# ...


You could see an ogre (fleeing), 2 orc priests and 2 orcs.

Vanquished Creatures
  A necrophage (D:5)
  A scorpion (D:4)
  A howler monkey (D:4)
  2 adders (D:2)
  An adder skeleton (D:4)
  A worm (D:2)
  3 dart slugs
  3 orcs
  7 bats
  9 endoplasms
  5 giant cockroaches
  7 goblins
  5 hobgoblins
  7 jackals
  7 kobolds
  4 quokkas
  5 ball pythons
  2 frilled lizards
  2 rats (D:1)
73 creatures vanquished.

Notes
Turn   | Place    | Note
-------+----------+-------------------------------------------
     0 | D:5      | Brandom the Troll Delver began the quest for the Orb.
     0 | D:5      | Reached XP level 1. HP: 22/22 MP: 0/0
     4 | D:5      | Noticed a necrophage
    21 | D:5      | Killed a necrophage
    22 | D:5      | Reached XP level 2. HP: 18/31 MP: 1/1
    22 | D:5      | Reached XP level 3. HP: 21/37 MP: 2/2
    22 | D:5      | Reached XP level 4. HP: 26/45 MP: 3/3
    84 | D:3      | Found a glowing silver altar of Zin.
   836 | D:1      | Reached XP level 5. HP: 53/53 MP: 4/4
  1713 | D:3      | Found a snail-covered altar of Cheibriados.
  1718 | D:3      | Became a worshipper of Cheibriados the Contemplative
  1743 | D:3      | Found Ukluerai's Armour Shoppe.
  1744 | D:3      | Found a faded altar of an unknown god.
  1777 | D:3      | Found a shadowy altar of Dithmenos.
  1872 | D:3      | Found a burning altar of Makhleb.
  2205 | D:4      | Reached XP level 6. HP: 53/62 MP: 5/5
  2448 | D:4      | HP: 1/62 [ogre (16)]
  2450 | D:4      | Killed from afar by an orc priest

Illustrated notes

Levels and vault maps discovered:
D:1:      wander_arrival_fairy_ring, layout_basic
D:2:      layout_basic, minmay_misc_feat_five
D:3:      layout_rooms, lemuel_doored_altar, nicolae_overflow_crystal_walls,
          grunt_dithmenos_smoke_and_mirrors, overflow_temple_1_default,
          ebering_ecumenical_altar_abandoned, serial_shops, shop_fountains,
          chequers_serial_rivers_micro_c
D:4:      layout_loops_cross, serial_bayou_pond_d, kennysheep_generic_room_14
D:5:      layout_layer_cave, nicolae_qazlal_scattered_showers,
          uniq_blork_the_orc

Skill      XL: |  1  2  3  4  5 |
---------------+----------------+-----
Fighting       | 3 4 |  4.0
Dodging        | 2 |  2.7
Unarmed Combat | 3 4 |  4.3
Stealth        | |  2.7

Action                   |  1- 3 |  4- 6 || total
-------------------------+-------+-------++-------
Melee: Unarmed           |     8 |   175 ||   183
       Punch             |       |     1 ||     1
Throw: Javelin           |       |     2 ||     2
  Use: Scroll            |       |     3 ||     3
 Stab: Sleeping          |       |     7 ||     7
Armor: Robe              |       |    69 ||    69
Dodge: Dodged            |     2 |    81 ||    83

Table legend: (Time is in decaauts)
 A = Elapsed time spent in this place.
 B = Non-inter-level travel time spent in this place.
 C = Inter-level travel time spent in this place.
 D = Time resting spent in this place.
 E = Time spent auto-exploring this place.
 F = Levels seen in this place.
 G = Mean time per level.
                   A        B        C        D        E       F      G
               +--------+--------+--------+--------+--------+-----+--------+
         Total |   2640 |   2560 |     80 |     14 |   2013 |   5 |  528.0 |
       Dungeon |   2640 |   2560 |     80 |     14 |   2013 |   5 |  528.0 |
               +--------+--------+--------+--------+--------+-----+--------+

Top non-repeatable levels by time:
     D:2: 775 daAuts
     D:1: 756 daAuts
     D:4: 535 daAuts
     D:3: 533 daAuts
     D:5: 39 daAuts
